Map: Deathaura LE

Players

Zest

  • Race: Protoss Protoss
  • Spawn Location: 11:00

Reynor - Winner!

  • Race: Zerg Zerg
  • Spawn Location: 5:00

Event: IEM Katowice 2021

VOD

Have the link to the VOD?

Description

Time

  • Played on: Feb. 28, 2021, 12:31 p.m.
  • Length: 11:08

All games in this series

Show
View Real Time Build Order
Export as new Build Order

Zest Protoss 

Build Orders: 1 Gate Expand, Oracle Opening, Archon Immortal 

Get SALT Encoding   

  12  0:00  Probe  
  13  0:12  Probe  
  14  0:19  Pylon  
  14  0:24  Probe  
  15  0:37  Probe (Chrono Boost)  
  15  0:40  Gateway  
  16  0:46  Probe (Chrono Boost)  
  17  0:50  Assimilator  
  17  0:51  Probe  
  18  1:03  Probe  
  19  1:15  Probe  
  20  1:26  Nexus  
  20  1:35  Cybernetics Core  
  20  1:39  Probe  
  21  1:44  Assimilator  
  21  1:51  Probe  
  22  1:54  Pylon  
  22  2:04  Probe (Chrono Boost)  
  23  2:12  Adept  
  23  2:15  Probe (Chrono Boost)  
  26  2:17  Stargate  
  26  2:20  Probe (Chrono Boost)  
  27  2:25  Warp Gate  
  27  2:32  Probe (Chrono Boost)  
  28  2:37  Probe (Chrono Boost)  
  28  2:42  Adept  
  32  2:47  Probe x2 (Chrono Boost)  
  33  2:52  Void Ray (Chrono Boost), Probe (Chrono Boost)  
  33  2:54  Probe  
  35  3:03  Pylon  
  35  3:04  Probe  
  40  3:06  Probe  
  41  3:14  Gateway  
  41  3:18  Probe x2  
  43  3:25  Oracle (Chrono Boost)  
  43  3:30  Probe x2  
  48  3:42  Probe  
  48  3:43  Probe  
  48  3:48  Nexus  
  50  3:50  Pylon  
  50  3:54  Probe  
  50  3:55  Probe  
  52  3:56  Assimilator  
  52  3:59  Assimilator  
  52  4:05  Stargate  
  52  4:09  Probe x2  
  54  4:11  Pylon  
  54  4:14  Void Ray  
  54  4:21  Probe x2  
  60  4:29  Pylon  
  60  4:33  Probe x2  
  62  4:40  Twilight Council  
  62  4:41  Forge  
  62  4:45  Probe x2 (Chrono Boost)  
  64  4:57  Void Ray, Probe (Chrono Boost)  
  64  4:58  Shield Battery, Probe (Chrono Boost)  
  66  5:00  Void Ray  
  66  5:03  Probe (Chrono Boost)  
  66  5:04  Probe x2 (Chrono Boost)  
  77  5:12  Probe (Chrono Boost)  
  77  5:14  Probe (Chrono Boost)  
  80  5:17  Probe (Chrono Boost)  
  80  5:18  Protoss Ground Weapons Level 1  
  80  5:19  Charge, Probe x2 (Chrono Boost)  
  82  5:24  Probe  
  82  5:25  Assimilator  
  82  5:26  Probe  
  82  5:27  Assimilator  
  82  5:28  Probe  
  85  5:35  Void Ray  
  85  5:36  Pylon, Probe  
  85  5:38  Probe  
  85  5:40  Probe  
  92  5:48  Void Ray, Probe  
  93  5:53  Pylon  
  93  5:54  Probe x2  
  99  5:57  Gateway  
  99  5:59  Gateway  
  99  6:00  Gateway  
  99  6:02  Robotics Facility  
  99  6:05  Pylon  
  99  6:09  Pylon  
  99  6:11  Pylon  
  99  6:14  Templar Archives  
  99  6:32  Pylon  
  99  6:33  Pylon  
  99  6:34  Pylon  
  99  6:36  Gateway  
  99  6:37  Gateway  
  99  6:38  Gateway  
  99  6:50  Pylon  
  99  6:56  Nexus  
  99  6:57  Pylon, Warp Prism (Chrono Boost)  
  99  7:00  Psionic Storm  
  101  7:03  High Templar  
  101  7:04  High Templar x3  
  101  7:08  Pylon  
  109  7:09  Pylon  
  109  7:11  Archon x2  
  109  7:14  Probe x2  
  109  7:15  Probe  
  112  7:17  High Templar  
  114  7:26  Gateway  
  114  7:27  Gateway  
  114  7:29  Gateway  
  114  7:38  Photon Cannon  
  114  7:39  High Templar x3  
  114  7:40  Zealot x4  
  114  7:41  Gateway x2, Probe x3  
  131  7:51  Protoss Ground Weapons Level 2 (Chrono Boost)  
  131  7:53  Probe x2  
  131  7:54  Probe  
  131  7:58  Fleet Beacon, Assimilator  
  134  8:04  Assimilator  
  134  8:05  Photon Cannon, Probe x2  
  134  8:06  Probe  
  134  8:10  Photon Cannon  
  134  8:12  Photon Cannon  
  137  8:15  Photon Cannon x2  
  137  8:16  Photon Cannon  
  137  8:20  Photon Cannon  
  137  8:21  Immortal (Chrono Boost), High Templar  
  143  8:31  Photon Cannon  
  143  8:41  Photon Cannon  
  143  8:43  Photon Cannon  
  143  8:44  Photon Cannon  
  143  8:46  Shield Battery  
  143  8:48  Shield Battery, Robotics Facility x2  
  143  8:51  Immortal (Chrono Boost)  
  147  9:03  Zealot x2  
  147  9:04  Zealot x4  
  147  9:09  Carrier (Chrono Boost)  
  165  9:27  Zealot x2  
  157  9:32  Zealot  
  157  9:33  Zealot x4  
  157  9:36  Shield Battery  
  159  9:41  Zealot x6  
  163  9:52  Photon Cannon  
  155  9:53  Immortal (Chrono Boost)  
  155  9:59  Immortal (Chrono Boost)  
  161  10:03  Immortal (Chrono Boost)  
  172  10:25  Observer  
  155  10:34  Zealot  
  155  10:35  Zealot x6  
  157  10:36  Zealot x2  
  149  10:54  Zealot  
  120  10:57  Zealot x4  
Show
View Real Time Build Order
Export as new Build Order

Reynor Zerg - Winner!

Build Orders: Hatch First, Lurkers 

Get SALT Encoding   

  12  0:00  Drone  
  13  0:12  Overlord  
  13  0:16  Drone  
  14  0:30  Drone x2  
  16  0:42  Drone  
  17  0:51  Hatchery  
  17  0:55  Drone  
  17  0:59  Drone  
  18  1:10  Extractor  
  17  1:15  Spawning Pool  
  17  1:18  Drone  
  17  1:23  Drone  
  18  1:27  Drone  
  19  1:38  Drone  
  20  1:49  Overlord  
  20  2:01  Queen  
  20  2:03  Drone  
  20  2:04  Drone, Queen  
  26  2:11  Zergling x2  
  26  2:14  Drone  
  28  2:21  Drone  
  29  2:25  Drone  
  30  2:33  Drone  
  30  2:36  Drone  
  32  2:38  Hatchery  
  31  2:44  Pneumatized Carapace  
  31  2:46  Drone  
  31  2:51  Overlord  
  32  2:56  Queen  
  35  2:58  Zergling x2  
  35  3:01  Drone  
  36  3:06  Metabolic Boost  
  36  3:09  Drone  
  36  3:10  Drone  
  38  3:13  Drone  
  38  3:17  Overlord  
  38  3:18  Drone  
  40  3:21  Drone  
  40  3:22  Drone  
  42  3:29  Queen  
  42  3:32  Overlord  
  44  3:35  Drone  
  44  3:39  Queen  
  44  3:41  Drone  
  48  3:43  Drone  
  48  3:48  Drone x3  
  52  3:51  Overlord  
  52  3:54  Drone  
  53  3:58  Overlord  
  53  4:02  Queen  
  53  4:03  Drone  
  53  4:04  Drone  
  53  4:09  Overlord  
  57  4:11  Drone x2  
  57  4:13  Drone x2  
  57  4:15  Drone  
  62  4:20  Drone  
  62  4:23  Drone  
  64  4:26  Overlord  
  64  4:27  Queen  
  66  4:33  Drone x2  
  66  4:35  Lair  
  66  4:36  Spore Crawler  
  67  4:41  Evolution Chamber, Drone x2  
  67  4:42  Drone, Roach Warren  
  67  4:44  Drone  
  67  4:45  Drone  
  70  4:46  Drone  
  70  4:48  Drone x2  
  70  4:52  Extractor x2, Drone x2  
  73  4:54  Drone x2  
  73  4:59  Overlord  
  75  5:04  Overlord  
  75  5:05  Zergling x4  
  75  5:06  Zergling x2  
  75  5:07  Drone  
  79  5:09  Zerg Missile Weapons Level 1, Drone  
  79  5:10  Drone x2  
  79  5:11  Extractor  
  79  5:12  Extractor  
  79  5:13  Queen  
  82  5:19  Drone x4  
  82  5:20  Overlord  
  86  5:22  Extractor, Drone  
  86  5:24  Drone  
  87  5:29  Overlord, Drone  
  87  5:32  Spore Crawler  
  87  5:37  Drone x2  
  87  5:39  Overlord  
  89  5:46  Hatchery  
  89  5:48  Drone x2  
  90  5:51  Infestation Pit, Queen  
  91  6:02  Drone  
  92  6:04  Drone x10  
  92  6:05  Overlord, Spore Crawler  
  101  6:14  Overlord  
  101  6:15  Drone x2  
  104  6:19  Overlord  
  104  6:23  Drone x3  
  104  6:24  Drone  
  104  6:25  Drone  
  104  6:27  Drone  
  104  6:28  Drone x2  
  107  6:36  Hive  
  107  6:37  Roach  
  107  6:38  Roach x4  
  107  6:39  Queen  
  115  6:43  Spore Crawler  
  115  6:45  Roach x2  
  115  6:46  Roach  
  122  6:50  Hydralisk Den  
  122  6:51  Roach  
  122  6:56  Roach x5  
  122  6:59  Overlord  
  122  7:00  Drone  
  133  7:02  Drone x2  
  133  7:04  Overseer  
  133  7:05  Zerg Missile Weapons Level 2  
  133  7:07  Drone x2  
  137  7:11  Extractor  
  137  7:12  Overlord, Extractor  
  137  7:14  Roach x2  
  139  7:17  Queen  
  139  7:20  Drone x2  
  139  7:21  Queen  
  145  7:23  Spore Crawler  
  144  7:31  Overlord  
  144  7:32  Overlord  
  144  7:36  Lurker Den  
  143  7:38  Hydralisk x6  
  143  7:43  Drone x3  
  158  7:49  Roach x3  
  158  7:50  Overlord  
  164  7:51  Hydralisk  
  164  7:52  Hydralisk  
  164  7:58  Drone  
  169  8:03  Overlord  
  169  8:08  Hydralisk x2  
  169  8:09  Hydralisk  
  169  8:10  Muscular Augments  
  175  8:16  Drone x2  
  175  8:19  Hatchery  
  176  8:22  Overlord, Spore Crawler x2  
  176  8:23  Overseer  
  174  8:35  Seismic Spines  
  174  8:36  Lurker x9  
  174  8:37  Lurker  
  174  8:39  Hydralisk x2, Drone x2  
  174  8:40  Hydralisk x2, Spine Crawler x2  
  174  8:41  Spine Crawler x2  
  191  8:47  Glial Reconstitution  
  190  8:50  Hydralisk x3  
  190  8:51  Hydralisk  
  190  8:54  Overlord  
  198  8:58  Spine Crawler  
  198  8:59  Spine Crawler x2  
  195  9:09  Hydralisk x2  
  195  9:15  Overseer x2  
  198  9:31  Hydralisk x2  
  195  9:38  Hydralisk  
  197  9:39  Adaptive Talons  
  197  9:40  Hydralisk x3  
  197  9:42  Queen  
  199  9:48  Hydralisk  
  199  9:58  Lurker  
  200  10:01  Hydralisk  
  200  10:09  Hydralisk  
  196  10:16  Hydralisk x2  
  198  10:21  Spore Crawler  
  198  10:22  Spore Crawler x2  
  198  10:23  Spore Crawler x4  
  170  10:29  Hydralisk x18  
  186  10:35  Hydralisk x2  
  186  10:36  Hydralisk x2  

Tags
 
Add a new tag
Caveats
  • Supply blocks, unpowered buildings, or Contaminate may cause inaccurate times.
  • Supply counts are checked every 10 seconds.